 Dungeon Crawl Stone Soup version 0.29-a0-515-g7c1fb6cc08 (webtiles) character file.

Game seed: 8871422517743763647

54 Bruhh the Caller (level 3, -3/27 HPs)
             Began as an Ogre Summoner on May 30, 2022.
             Slain by an orc
             ... wielding a +0 hand axe
              (5 damage)
             ... on level 3 of the Dungeon.
             The game lasted 00:02:32 (2389 turns).

Bruhh the Caller (Ogre Summoner)                    Turns: 2389, Time: 00:02:32

Health: -3/27      AC:  3    Str:  9 (12) XL:     3   Next: 91%
Magic:  7/8        EV:  9    Int: 18 (20) God:
Gold:   148        SH:  0    Dex:  7 (9)  Spells: 8/9 levels left

rFire   . . .      SeeInvis .   i - +0 trident
rCold   . . .      Faith    .   (no shield)
rNeg    . . .      Spirit   .   a - +0 robe
rPois   .          Reflect  .   (helmet restricted)
rElec   .          Harm     .   (no cloak)
rCorr   .          Rampage  .   (gloves unavailable)
Will    +....                   (boots unavailable)
Stlth   +.........              (no amulet)
HPRegen 0.09/turn               (no ring)
MPRegen 0.11/turn               (no ring)

@: no status effects
A: large, unfitting armour, tough skin 1, antennae 1, clever 1, frail 1,
strong-willed 1
a: no special abilities


You were on level 3 of the Dungeon.
You visited 1 branch of the dungeon, and saw 3 of its levels.

You collected 148 gold pieces.

Inventory:

Hand Weapons
 i - a +0 trident (weapon)
Armour
 a - a +0 robe (worn)
Jewellery
 n - a ring of protection from fire
Scrolls
 d - 8 scrolls of identify {unknown}
 g - 2 scrolls of teleportation
 h - a scroll of blinking {unknown}
 k - a scroll of poison {unknown}
Potions
 b - 2 potions of magic
 c - a potion of degeneration
 e - a potion of mutation
 f - a potion of flight {unknown}
 l - a potion of resistance {unknown}
 m - a potion of heal wounds {unknown}


   Skills:
 - Level 1.7 Dodging
 - Level 1.4 Stealth
 + Level 3.6 Spellcasting
 + Level 4.3 Summonings


You had 8 spell levels left.
You knew the following spells:

 Your Spells              Type           Power      Damage    Failure   Level
a - Summon Small Mammal   Summ           72%        N/A       2%          1

Your spell library contained the following spells:

 Spells                   Type           Power      Damage    Failure   Level
 Call Imp                 Summ           18%        N/A       4%          2
 Call Canine Familiar     Summ           18%        N/A       8%          3
 Summon Guardian Golem    Hex/Summ       11%        N/A       19%         3
 Summon Lightning Spire   Summ/Air       11%        N/A       54%         4


Dungeon Overview and Level Annotations

Branches:
Dungeon (3/15)

Altars:

Annotations:
D:2 1 runed translucent door, Crazy Yiuf


Innate Abilities, Weirdness & Mutations

You are too large for most types of armour.
You have tough skin. (AC +1)
You have a pair of small antennae on your head.
Your mind is acute. (Int +2)
You are frail. (-10% HP)
You are strong-willed. (Will+)


Message History

Casting: Summon Small Mammal (safe; 2% risk of failure)
Confirm with . or Enter, or press ? or * to list all spells.
The orc hits you with a +0 hand axe.
You swap places.
The orc attacks as you move away! The orc closely misses you.
The orc hits your rat with a +0 hand axe.
Your rat dies!
Your rat's corpse disappears in a puff of smoke!
Reach: i) +0 trident
Press: ? - help, Dir - move target, f/p - orc
Aim: an orc, wielding a +0 hand axe and wearing a +0 scale mail (about 46% to evade your +0 trident)
You reach to attack!
You hit the orc but do no damage.
Unknown command.
Casting: Summon Small Mammal (safe; 2% risk of failure)
Confirm with . or Enter, or press ? or * to list all spells.
The orc hits you with a +0 hand axe!
* * * LOW HITPOINT WARNING * * *
The orc misses your bat.
Your bat hits the orc but does no damage.
Your bat barely misses the orc.
It was a potion of mutation.
You feel extremely strange. A pair of antennae grows on your head!
You feel frail.
You feel clever.
You feel strong-willed.
Your bat hits the orc but does no damage.
Your bat closely misses the orc.
It was a potion of degeneration.
There was something very wrong with that liquid.
You feel weakened.
You feel dopey.
You feel clumsy.
Your bat completely misses the orc.
Your bat hits the orc but does no damage.
As you read the scroll labelled FALIRGH XONIUQI, it crumbles to dust.
You feel strangely unstable.
It was a scroll of teleportation.
Your bat hits the orc but does no damage.
Your bat hits the orc. The orc hits you with a +0 hand axe.
* * * LOW HITPOINT WARNING * * *
The orc closely misses your bat.
It was a potion of cancellation.
You feel strangely stable.
You feel magically purged.
Your bat closely misses the orc.
The orc hits you with a +0 hand axe.
You die...

### . #.. . #.#
.######.# #.≈≈≈≈#.#
.....≈..#
.#≈≈≈≈..#############
...........)).bo@...#
.###.###########)##.#
..##.# #.##.# ).##.#
#.##.#### .#.#.#
#.......# .##..#
#.##.##.# .###.#
#.##.##.####.# .##.##
#............# .#.##
#.##.##.######


You could see an orc (ally target) and a friendly bat (summoned).

Vanquished Creatures
  2 orcs (D:3)
  2 ball pythons
  3 bats
  2 endoplasms (D:2)
  A giant cockroach (D:2)
  2 goblins (D:2)
  2 hobgoblins
  2 frilled lizards (D:2)
  3 rats
19 creatures vanquished.

Vanquished Creatures (collateral kills)
  An adder (D:2)
  An orc (D:3)
  2 bats (D:2)
  3 endoplasms
  2 giant cockroaches (D:1)
  4 goblins
  2 hobgoblins (D:1)
  A frilled lizard (D:1)
  2 rats
18 creatures vanquished.

Vanquished Creatures (others)
  2 fungi (D:2)
2 creatures vanquished.

Grand Total: 39 creatures vanquished

Notes
Turn   | Place    | Note
-------+----------+-------------------------------------------
     0 | D:1      | Bruhh the Ogre Summoner began the quest for the Orb.
     0 | D:1      | Reached XP level 1. HP: 16/16 MP: 3/3
   490 | D:1      | Reached XP level 2. HP: 23/24 MP: 1/5
  1071 | D:2      | Reached skill level 4 in Summonings
  1266 | D:2      | Reached XP level 3. HP: 23/31 MP: 7/7
  2216 | D:2      | Found a runed translucent door.
  2217 | D:2      | Noticed Crazy Yiuf
  2386 | D:3      | Gained mutation: You have a pair of small antennae on your
                  | head. [potion of mutation]
  2386 | D:3      | Gained mutation: You are frail. (-10% HP) [potion of
                  | mutation]
  2386 | D:3      | Gained mutation: Your mind is acute. (Int +2) [potion of
                  | mutation]
  2386 | D:3      | Gained mutation: You are strong-willed. (Will+) [potion of
                  | mutation]
  2389 | D:3      | Slain by an orc

Illustrated notes

Levels and vault maps discovered:
D:1:      doesnt_arrival_eight_statues, layout_rooms
D:2:      layout_loops_cross, uniq_crazy_yiuf_cottage
D:3:      layout_loops_ring, serial_rivers, chequers_serial_rivers_large_a,
          chequers_serial_rivers_micro_c, chequers_serial_rivers_micro_b,
          chequers_serial_rivers_micro_a, chequers_serial_rivers_small_a,
          chequers_serial_rivers_micro_d, portal_sewer_entry_b,
          minmay_checkerbox, uniq_natasha

Skill      XL: |  1  2 |
---------------+-------+-----
Spellcasting   | 3 |  3.6
Summonings     | 4 |  4.3
Dodging        | |  1.7
Stealth        | |  1.4

Action                   || total
-------------------------++-------
Melee: Unarmed           ||    39
       Trident           ||    65
       Punch             ||     2
 Cast: Summon Small Mamm ||    55
  Use: Potion            ||     3
       Scroll            ||     1
 Stab: Distracted        ||     1
       Sleeping          ||     1
Armor: Robe              ||    27
Dodge: Dodged            ||    38

Table legend: (Time is in decaauts)
 A = Elapsed time spent in this place.
 B = Non-inter-level travel time spent in this place.
 C = Inter-level travel time spent in this place.
 D = Time resting spent in this place.
 E = Time spent auto-exploring this place.
 F = Levels seen in this place.
 G = Mean time per level.
                   A        B        C        D        E       F      G
               +--------+--------+--------+--------+--------+-----+--------+
         Total |   2410 |   2353 |     57 |      0 |   1979 |   3 |  803.3 |
       Dungeon |   2410 |   2353 |     57 |      0 |   1979 |   3 |  803.3 |
               +--------+--------+--------+--------+--------+-----+--------+

Top non-repeatable levels by time:
     D:2: 1217 daAuts
     D:1: 1056 daAuts
     D:3: 137 daAuts
